 Dungeon Crawl Stone Soup version 0.24-a0-434-gd57e52fea8 (webtiles) character file.

Game seed: 10537070140160875296

8985 Azzok the Quickloader (level 11, -20/83 HPs)
             Began as a Formicid Hunter on June 15, 2019.
             Was a High Priest of Okawaru.
             Demolished by a white ugly thing (21 damage)
             ... on level 11 of the Dungeon.
             The game lasted 00:21:43 (15933 turns).

Azzok the Quickloader (Formicid Hunter)            Turns: 15933, Time: 00:21:43

Health: -20/83     AC: 14    Str: 21    XL:     11   Next: 66%
Magic:  0/18       EV:  9    Int: 10    God:    Okawaru [*****.]
Gold:   710        SH:  0    Dex: 11    Spells: 10/10 levels left

rFire    . . .     SeeInvis +   a - +1 hand crossbow
rCold    . . .     Gourm    .   (no shield)
rNeg     . . .     Faith    .   y - +0 plate armour
rPois    .         Spirit   +   (helmet unavailable)
rElec    .         Reflect  .   h - +0 cloak
rCorr    .         Harm     .   (no gloves)
MR       +....                  v - +0 pair of boots
Stlth    ..........             s - amulet of guardian spirit
HPRegen  0.23/turn              (no ring)
MPRegen  0.16/turn              (no ring)

@: heroism
A: permanent stasis, dig shafts and tunnels, four strong arms, antennae 3
a: Dig, Shaft Self, Heroism, Finesse, Renounce Religion


You were on level 11 of the Dungeon.
You worshipped Okawaru.
Okawaru was extremely pleased with you.
You were not hungry.

You visited 2 branches of the dungeon, and saw 12 of its levels.

You collected 710 gold pieces.

Inventory:

Hand Weapons
 a - a +1 hand crossbow (weapon)
 b - a +1 short sword of speed
Missiles
 d - 63 bolts (quivered)
Armour
 g - a +0 large shield
 h - a +0 cloak (worn)
 v - a +0 pair of boots (worn)
 y - a +0 plate armour (worn)
Jewellery
 s - an amulet of guardian spirit (around neck)
 E - a +3 ring of strength
Wands
 n - a wand of digging (5)
 w - a wand of acid (8)
 A - a wand of disintegration (17)
 C - a wand of flame (24)
 G - a wand of random effects (18)
Scrolls
 e - 9 scrolls of remove curse
 i - a scroll of summoning {unknown}
 j - 4 scrolls of amnesia {unknown}
 k - a scroll of identify
 l - 3 scrolls of fog {unknown}
 m - a scroll of blinking {unknown}
 p - a scroll of enchant weapon {unknown}
 q - a scroll of immolation {unknown}
 z - 2 scrolls of enchant armour {unknown}
 B - a scroll of noise {unknown}
Potions
 c - 3 potions of flight
 o - a potion of might {unknown}
 r - a potion of agility {unknown}
 u - 2 potions of brilliance
 x - 2 potions of curing
 D - a potion of haste {unknown}
Comestibles
 f - 12 rations
 F - 2 chunks of flesh


   Skills:
 - Level 6.6(11.6) Fighting
 + Level 12.6(17.6) Crossbows
 - Level 1.7(6.7) Dodging
 - Level 1.2(6.2) Stealth
 + Level 8.3(13.3) Shields
 - Level 10.0 Invocations


You had 10 spell levels left.
You didn't know any spells.
Your spell library contained the following spells:

 Spells                   Type           Power        Failure   Level  Hunger
 Confusing Touch          Hex            #.....       100%        1    ##.....
 Corona                   Hex            #......      100%        1    ##.....
 Ensorcelled Hibernation  Hex/Ice        #.....       100%        2    ###....
 Confuse                  Hex            #.......     100%        3    ####...
 Dazzling Spray           Conj/Hex       #.....       100%        3    ####...
 Gell's Gravitas          Tloc           #.........   100%        3    ####...
 Tukima's Dance           Hex            #.......     100%        3    ####...
 Petrify                  Tmut/Erth      #.......     100%        4    #####..
 Metabolic Englaciation   Hex/Ice        #.........   100%        5    ######.
 Yara's Violent Unravell  Hex/Tmut       #.........   100%        5    ######.


Dungeon Overview and Level Annotations

Branches:
Dungeon (11/15)            Temple (1/1) D:4            Lair (0/6) D:8
    Orc: D:9-12

Altars:
Ashenzari
Elyvilon
Fedhas
Gozag
Hepliaklqana
Okawaru
Sif Muna
Uskayaw
Vehumet
Wu Jian
Xom
Yredelemnul
Beogh

Shops:
D:8 (

Annotations:
D:10 3 runed translucent doors, adept's ghost, novice GrFi


Innate Abilities, Weirdness & Mutations

You cannot be hasted, slowed, berserked, paralysed or teleported.
You can dig through walls and to a lower floor.
Your four strong arms can wield two-handed weapons with a shield.
You have a pair of large antennae on your head. (SInv)


Message History

The bolt closely misses the white ugly thing.
The white ugly thing tentacle-slaps you but does no damage.
Firing (i - inventory)
d - 65 bolts (quivered)
Press: ? - help, Shift-Dir - straight line, f/p - white ugly thing
Aim: a white ugly thing (severely wounded)
You shoot a bolt. The bolt hits the white ugly thing!
The white ugly thing is almost dead.
The white ugly thing tentacle-slaps you.
* * * LOW HITPOINT WARNING * * *
The white ugly thing freezes you!!
* * * LOW MAGIC WARNING * * *;
* * * LOW HITPOINT WARNING * * *
Firing (i - inventory)
d - 64 bolts (quivered)
Press: ? - help, Shift-Dir - straight line, f/p - white ugly thing
Aim: a white ugly thing (almost dead)
You shoot a bolt.
The bolt barely misses the white ugly thing.
The white ugly thing tentacle-slaps you.
* * * LOW MAGIC WARNING * * *;
* * * LOW HITPOINT WARNING * * *
The white ugly thing freezes you!!
You die...

▒▒▒▒·▒·· ▒····((··
·····▒··· · ▒·······
▒▒▒··▒ ·····▒▒····(· ▒
▒··▒ ···········▒╬▒ ▒
▒··▒ ▒····(▒·▒ ▒ ▒··▒
▒····(▒·▒ ▒ ▒··▒
▒·····▒·▒ ▒ ▒··▒
▒▒▒▒▒▒▒▒▒(▒·▒ ▒ ▒··▒
·······@u(▒·▒ ▒
▒▒▒▒▒▒▒▒▒·▒·▒▒▒▒▒▒▒▒▒▒▒▒
▒ ···········)··········
▒
▒▒▒▒▒▒▒▒▒▒▒▒·▒▒▒▒▒▒▒▒▒▒▒▒
▒
·············÷·········▒
▒
▒▒▒▒▒▒▒▒▒▒▒▒▒·▒▒▒▒▒▒···▒
▒ ▒················▒·▒▒▒▒
▒ ▒·▒▒▒▒▒▒▒▒▒·▒▒▒▒·▒·▒ ▒·
▒ ▒·▒ ··▒ ▒·▒ ▒·


You could see a white ugly thing.

Vanquished Creatures
  Harold (D:8)
  A two-headed ogre (D:9)
  A manticore (D:11)
  Maurice (D:9)
  A troll (D:10)
  3 hippogriffs
  A wyvern (D:8)
  A spriggan (D:8)
  A vampire (D:9)
  Grum (D:9)
  Edmund (D:5)
  3 water moccasins
  3 ice beasts
  5 orc warriors
  2 sky beasts (D:11)
  A hornet zombie (D:8)
  2 phantoms (D:9)
  A necrophage (D:5)
  2 wolves (D:9)
  5 ogres
  7 centaurs
  2 bullfrogs
  2 scorpions (D:6)
  10 killer bees (D:9)
  An electric eel (D:11)
  4 howler monkeys
  2 crimson imps
  2 bullfrog zombies
  2 centaur zombies
  5 hounds
  A quasit (D:9)
  15 orc wizards
  2 jellies
  11 orc priests
  A bullfrog skeleton (D:9)
  Terence (D:2)
  2 iguanas
  9 worker ants
  A hound zombie (D:9)
  2 hound skeletons
  A howler monkey zombie (D:5)
  2 worker ant zombies
  18 adders
  8 gnolls
  A shadow imp (D:9)
  An ooze (D:3)
  An adder zombie (D:8)
  3 worms
  A dart slug (D:3)
  7 leopard geckos
  41 orcs
  5 bats
  7 giant cockroaches
  10 hobgoblins
  10 jackals
  4 quokkas
  A ball python (D:1)
  6 frilled lizards
  5 goblins
  15 kobolds
  A leopard gecko zombie (D:9)
  A quokka skeleton (D:9)
  6 rats
274 creatures vanquished.

Vanquished Creatures (others)
  A leopard gecko (D:5)
1 creature vanquished.

Grand Total: 275 creatures vanquished

Notes
Turn   | Place    | Note
-------+----------+-------------------------------------------
     0 | D:1      | Azzok the Formicid Hunter began the quest for the Orb.
     0 | D:1      | Reached XP level 1. HP: 16/16 MP: 1/1
    90 | D:1      | Reached XP level 2. HP: 10/23 MP: 2/2
   812 | D:1      | Reached XP level 3. HP: 21/29 MP: 3/3
  1528 | D:2      | Found a blossoming altar of Fedhas.
  1592 | D:2      | Noticed Terence
  1614 | D:2      | Killed Terence
  1614 | D:2      | Reached XP level 4. HP: 14/37 MP: 4/4
  2657 | D:3      | Reached skill level 5 in Crossbows
  2734 | D:3      | Reached XP level 5. HP: 40/42 MP: 5/5
  3014 | D:3      | Found a white marble altar of Elyvilon.
  3037 | D:3      | Became a worshipper of Elyvilon the Healer
  3146 | D:3      | Noticed a hippogriff
  3576 | D:3      | Killed a hippogriff
  3576 | D:3      | Reached skill level 5 in Fighting
  3576 | D:3      | Reached skill level 6 in Crossbows
  3576 | D:3      | Reached XP level 6. HP: 51/51 MP: 6/6
  3874 | D:2      | Reached XP level 7. HP: 18/56 MP: 7/7
  5228 | D:3      | Found a hazy altar of Hepliaklqana.
  5228 | D:3      | Found an ornate altar of the Wu Jian Council.
  6042 | D:4      | Reached skill level 7 in Crossbows
  6186 | D:4      | Found a staircase to the Ecumenical Temple.
  6194 | Temple   | Entered the Ecumenical Temple
  6200 | Temple   | Fell from the grace of Elyvilon
  6200 | Temple   | Became a worshipper of Warmaster Okawaru
  6215 | D:4      | Reached XP level 8. HP: 59/65 MP: 8/8
  6388 | D:4      | Reached skill level 1 in Invocations
  6755 | D:5      | Entered Level 5 of the Dungeon
  6859 | D:5      | Noticed Edmund
  6871 | D:5      | Killed Edmund
  6896 | D:5      | Found a radiant altar of Vehumet.
  7141 | D:5      | Reached * piety under Okawaru
  7388 | D:5      | Reached skill level 8 in Crossbows
  8061 | D:6      | Reached skill level 5 in Invocations
  8078 | D:5      | Reached XP level 9. HP: 48/70 MP: 11/13
  9277 | D:6      | Reached skill level 9 in Crossbows
 10151 | D:7      | Reached ** piety under Okawaru
 10582 | D:7      | Found a radiant altar of Vehumet.
 10703 | D:8      | Noticed a hippogriff
 10716 | D:8      | Killed a hippogriff
 10789 | D:8      | Noticed a hippogriff
 10796 | D:8      | Killed a hippogriff
 10796 | D:8      | Reached skill level 10 in Crossbows
 10853 | D:8      | Reached XP level 10. HP: 74/76 MP: 14/16
 11039 | D:8      | Found a staircase to the Lair.
 11126 | D:8      | Noticed Harold
 11138 | D:8      | Killed Harold
 11138 | D:8      | Reached *** piety under Okawaru
 11521 | D:8      | Reached skill level 1 in Shields
 11521 | D:8      | Reached skill level 10 in Invocations
 11660 | D:8      | Reached skill level 11 in Crossbows
 11735 | D:8      | Found Rylih's Weapon Boutique.
 11812 | D:8      | Reached **** piety under Okawaru
 12754 | D:9      | Noticed Maurice
 12762 | D:9      | Killed Maurice
 12777 | D:9      | Noticed Grum
 12784 | D:9      | Killed Grum
 12801 | D:9      | Received a gift from Okawaru
 12801 | D:9      | Reached XP level 11. HP: 52/82 MP: 14/18
 12985 | D:9      | Reached skill level 5 in Shields
 13053 | D:9      | Noticed a two-headed ogre
 13062 | D:9      | Killed a two-headed ogre
 13272 | D:9      | Found a shattered altar of Ashenzari.
 13485 | D:9      | Reached skill level 12 in Crossbows
 14021 | D:10     | Entered Level 10 of the Dungeon
 14736 | D:10     | Received a gift from Okawaru
 14775 | D:10     | Found a runed translucent gate.
 14775 | D:10     | Found a runed translucent gate.
 14783 | D:10     | Noticed adept's ghost (novice GrFi)
 14783 | D:10     | Identified the +5 long sword of Mauhanoo {freeze, rF+ rC+
                  | Int+2 Dex+5}
 14783 | D:10     | Identified the +1 plate armour of Nica Wis {-Cast rN+ Str+2
                  | SInv}
 14785 | D:10     | Found a runed translucent gate.
 14793 | D:10     | Found a roughly hewn altar of Beogh.
 15807 | D:11     | Reached ***** piety under Okawaru
 15909 | D:11     | Noticed a manticore
 15914 | D:11     | Noticed a white ugly thing
 15922 | D:11     | Killed a manticore
 15926 | D:11     | HP: 1/83 [white ugly thing (23)]
 15932 | D:11     | HP: 3/83 [white ugly thing (22)]
 15933 | D:11     | HP: 1/83 [white ugly thing (2)]
 15933 | D:11     | Demolished by a white ugly thing

Levels and vault maps discovered:
D:1:      wander_arrival_estate, layout_basic, st_stairs_13
D:2:      layout_loops_cross, marbit_many_paths, uniq_terence
D:3:      layout_rooms, elyvilon_altar_5, grunt_temple_overflow_open
D:4:      layout_loops_ring, minmay_temple_entry_grid, first_ration
D:5:      layout_cave_pools, fiery_altar_vehumet, minmay_crystal_room,
          uniq_edmund
D:6:      cheibrodos_quashed, layout_basic
D:7:      layout_basic, serial_glass, glass_columns_a, glass_columns_b,
          glass_columns_b, glass_columns_a, glass_columns_b, glass_columns_a,
          glass_columns_a, glass_columns_b, basic_altar, sigmund_army
D:8:      layout_rooms, lair_entry_dummy, serial_shops, kennysheep_mini_moat,
          the_bakery, uniq_harold
D:9:      layout_long_grid, evilmike_ruin_ashenzari, uniq_maurice, uniq_grum
D:10:     layout_loops_corners, biasface_ghost_orc_armoury
D:11:     old_forge, layout_basic
Temple:   eino_temple_rhombus

Skill      XL: |  1  2  3  4  5  6  7  8  9 10 11 |
---------------+----------------------------------+-----
Fighting       | 3 4 5 6 |  6.6
Crossbows      | 5 6 7 8 10 11 12 | 12.6
Invocations    | 5 8 10 | 10.0
Shields        | 4 8 |  8.3
Dodging        | |  1.7
Stealth        | |  1.2

Action                   |  1- 3 |  4- 6 |  7- 9 | 10-12 || total
-------------------------+-------+-------+-------+-------++-------
Melee: Short sword       |   106 |       |   417 |    72 ||   595
       Falchion          |       |   184 |   180 |       ||   364
 Fire: Hand crossbow     |    11 |     6 |   111 |   404 ||   532
Invok: Heroism           |       |       |       |     8 ||     8
Evoke: Wand              |       |       |       |     5 ||     5
  Use: Potion            |     1 |       |       |     3 ||     4
       Scroll            |       |       |     9 |     1 ||    10
  Eat: Chunk             |     2 |     2 |    29 |     9 ||    42
       Ration            |       |     2 |       |     1 ||     3
Armor: Leather armour    |    27 |       |       |       ||    27
       Skin              |     5 |       |       |       ||     5
       Chain mail        |       |   147 |   180 |       ||   327
       Plate armour      |       |       |   165 |   135 ||   300
Dodge: Dodged            |    59 |    89 |   223 |    97 ||   468
       Rpst.: Falchion   |       |    26 |    25 |       ||    51

Table legend:
 A = Non-vault XP
 B = Vault XP
 C = Vault XP percentage of total XP
 D = Non-vault monster count
 E = Vault monster count
 F = Vault count percentage of total count
                 A         B        C        D         E       F
            +---------+---------+-------+---------+---------+-------
      Total |   10503 |    2334 |  18.2 |     257 |      17 |   6.2
            +---------+---------+-------+---------+---------+-------
        D:1 |      35 |       3 |   7.9 |      25 |       2 |   7.4
        D:2 |     192 |      50 |  20.7 |      24 |       2 |   7.7
        D:3 |     479 |       0 |   0.0 |      33 |       0 |   0.0
        D:4 |     316 |       0 |   0.0 |      13 |       0 |   0.0
        D:5 |     850 |     158 |  15.7 |      21 |       1 |   4.5
        D:6 |     425 |       2 |   0.5 |      11 |       1 |   8.3
        D:7 |     720 |      10 |   1.4 |      21 |       5 |  19.2
        D:8 |    1774 |    1247 |  41.3 |      24 |       2 |   7.7
        D:9 |    2533 |     864 |  25.4 |      34 |       4 |  10.5
       D:10 |    1823 |       0 |   0.0 |      35 |       0 |   0.0
       D:11 |    1356 |       0 |   0.0 |      16 |       0 |   0.0
            +---------+---------+-------+---------+---------+-------
